 Dungeon Crawl Stone Soup version 0.20.1-1-g8b1a95d (webtiles) character file.

177 Jinessaria the Cudgeler (level 5, 0/40 HPs)
             Began as a Human Gladiator on Sept 27, 2017.
             Succumbed to a scorpion's poison
             ... on level 4 of the Dungeon.
             The game lasted 00:11:09 (3733 turns).

Jinessaria the Cudgeler (Human Gladiator)           Turns: 3733, Time: 00:11:11

Health: 0/40       AC:  6    Str: 15    XL:     5   Next: 88%
Magic:  5/5        EV: 12    Int:  8    God:
Gold:   137        SH:  0    Dex: 15    Spells: 4/4 levels left

rFire    . . .     SeeInvis .   a - +0 flail
rCold    . . .     Gourm    .   (no shield)
rNeg     . . .     Faith    .   m - +0 ring mail
rPois    .         Spirit   .   c - +0 helmet
rElec    .         Reflect  .   (no cloak)
rCorr    .         Harm     .   (no gloves)
MR       .....                  (no boots)
Stlth    +.........             (no amulet)
Regen    0.2/turn               (no ring)
MPRegen  0.1/turn               (no ring)

@: lethally poisoned (0 -> -35)
A: no striking features
a: no special abilities


You were on level 4 of the Dungeon.
You were not hungry.

You visited 1 branch of the dungeon, and saw 4 of its levels.

You collected 137 gold pieces.

Inventory:

Hand Weapons
 a - a +0 flail (weapon)
 g - a +0 club
 h - a +0 dagger
 i - a +0 flail
Missiles
 d - 3 throwing nets (quivered)
 e - 82 stones
Armour
 b - a +0 leather armour
 c - a +0 helmet (worn)
 l - a +3 leather armour of fire resistance
 m - a +0 ring mail (worn)
Jewellery
 p - a +2 ring of evasion {unknown}
 t - a cursed ring of teleportation {unknown}
Scrolls
 f - a scroll of blinking {unknown}
 j - 2 scrolls of remove curse {unknown}
 k - a scroll of immolation {unknown}
 n - a scroll of teleportation {unknown}
 o - 6 scrolls of identify {unknown}
 u - a scroll of magic mapping {unknown}
Potions
 q - a potion of flight {unknown}
Comestibles
 r - 4 fruits
 s - a royal jelly
 v - a meat ration


   Skills:
 + Level 2.8 Fighting
 + Level 4.7 Maces & Flails
 + Level 2.0 Throwing
 + Level 2.1 Armour
 + Level 3.4 Dodging
 + Level 0.4 Stealth


You had 4 spell levels left.
You didn't know any spells.

Dungeon Overview and Level Annotations

Branches:
Dungeon (4/15)
 Temple: D:4-7

Altars:
Ru


Message History

You barely miss the scorpion.
The scorpion is moderately wounded.
You feel very sick. The scorpion stings you.
You are more poisoned.
The scorpion poisons you!
You hit the scorpion.
The scorpion is moderately wounded.
* * * LOW HITPOINT WARNING * * *
You feel very sick. The scorpion stings you.
* * * LOW HITPOINT WARNING * * *
You hit the scorpion but do no damage.
The scorpion is moderately wounded.
* * * LOW HITPOINT WARNING * * *
You feel very sick.
The scorpion stings you but does no damage.
You barely miss the scorpion.
The scorpion is moderately wounded.
You die...

###########.#
#...........#
#..........<#
#..........#
#..........#
#..........# .
#.....[.)..# ).
#...s@.....##...
#...(...........
#...$...........
#.......<.......
#.........).....
###########.#...
.... ##


You could see a scorpion.

Vanquished Creatures
  An orc wizard (D:3)
  6 adders
  2 oozes
  2 worms
  2 dart slugs (D:1)
  7 leopard geckos
  5 orcs (D:3)
  2 giant cockroaches (D:1)
  7 goblins
  4 hobgoblins
  2 jackals (D:2)
  11 kobolds
  9 bats
  3 frilled lizards
  11 rats
74 creatures vanquished.

Notes
Turn   | Place    | Note
-------+----------+-------------------------------------------
     0 | D:1      | Jinessaria the Human Gladiator began the quest for the Orb.
     0 | D:1      | Reached XP level 1. HP: 16/16 MP: 1/1
   130 | D:1      | Reached XP level 2. HP: 20/22 MP: 2/2
   213 | D:1      | Reached XP level 3. HP: 7/27 MP: 3/3
   968 | D:2      | Reached skill level 4 in Maces & Flails
   968 | D:2      | Reached XP level 4. HP: 22/34 MP: 4/4
  1050 | D:2      | Found a sacrificial altar of Ru.
  1362 | D:2      | Reached skill level 1 in Armour
  1508 | D:2      | Reached XP level 5. HP: 25/39 MP: 5/5
  2567 | D:3      | HP: 1/39 [poisoned by an orc]
  3733 | D:4      | Succumbed to a scorpion's poison

Skill      XL: |  1  2  3  4  5 |
---------------+----------------+-----
Maces & Flails | 4 |  4.7
Armour         | 1 2 |  2.1
Fighting       | |  2.8
Throwing       | |  2.0
Dodging        | |  3.4
Stealth        | |  0.4

Action                   |  1- 3 |  4- 6 || total
-------------------------+-------+-------++-------
Melee: Flail             |    86 |   196 ||   282
  Use: Potion            |       |     2 ||     2
  Eat: Bread ration      |       |     1 ||     1
       Meat ration       |       |     1 ||     1
Armor: Leather armour    |    16 |       ||    16
       Ring mail         |    23 |    93 ||   116
Dodge: Dodged            |    79 |   178 ||   257
